 Dungeon Crawl Stone Soup version 0.21-a0-529-g8c7b3f5 (webtiles) character file.

37 slep the Chopper (level 3, -1/18 HPs)
             Began as a Vine Stalker Gladiator on Dec 10, 2017.
             Slain by a hobgoblin
             ... wielding a +0 club
              (4 damage)
             ... on level 2 of the Dungeon.
             The game lasted 00:02:45 (593 turns).

slep the Chopper (Vine Stalker Gladiator)            Turns: 593, Time: 00:02:46

Health: -1/18      AC:  4    Str: 16    XL:     3   Next: 41%
Magic:  0/4        EV: 13    Int:  8    God:
Gold:   72         SH:  0    Dex: 16    Spells: 2/2 levels left

rFire    . . .     SeeInvis .   a - +0 war axe
rCold    . . .     Gourm    .   (no shield)
rNeg     . . .     Faith    .   b - +0 leather armour
rPois    .         Spirit   +   c - +0 helmet
rElec    .         Reflect  .   (no cloak)
rCorr    .         Harm     .   (no gloves)
MR       .....                  (no boots)
Stlth    +.........             (no amulet)
HPRegen  0.06/turn              (no ring)
MPRegen  0.09/turn              (no ring)

@: no status effects
A: fangs 2, magic shield, antimagic bite, no potion heal 3, rot immunity
a: no special abilities


You were on level 2 of the Dungeon.
You were not hungry.

You visited 1 branch of the dungeon, and saw 2 of its levels.

You collected 72 gold pieces.

Inventory:

Hand Weapons
 a - a +0 war axe (weapon)
Missiles
 d - 3 throwing nets (quivered)
Armour
 b - a +0 leather armour (worn)
 c - a +0 helmet (worn)
Scrolls
 e - 3 scrolls of amnesia {unknown}
 k - a scroll of teleportation {unknown}
 n - a scroll of remove curse {unknown}
Potions
 g - a potion of haste {unknown}
 h - a potion of might {unknown}
 l - a potion of curing {unknown}
Comestibles
 f - a bread ration
 i - 2 meat rations
 j - a chunk of flesh
 m - a royal jelly


   Skills:
 + Level 2.2 Fighting
 + Level 3.2 Axes
 + Level 1.8 Throwing
 + Level 2.9 Dodging
 + Level 0.2 Stealth


You had 2 spell levels left.
You didn't know any spells.

Dungeon Overview and Level Annotations

Branches:
Dungeon (2/15)

Altars:


Innate Abilities, Weirdness & Mutations

You have extremely sharp teeth.
When hurt, damage is shared between your health and your magic reserves.
Your bite disrupts and absorbs the magic of your enemies.
Potions cannot restore your health.
You are immune to rotting.


Message History

The hobgoblin misses you. The goblin barely misses you.
You miss the goblin.
You hit the hobgoblin but do no damage. x2
You closely miss the giant cockroach. The hobgoblin hits you with a club.
The giant cockroach closely misses you.
The hobgoblin hits you but does no damage.
The goblin barely misses you.
You slash the goblin!
You kill the goblin!
You barely miss the giant cockroach. You barely miss the hobgoblin. x2
The giant cockroach bites you but does no damage.
The hobgoblin hits you but does no damage. x2
The giant cockroach bites you but does no damage.
The hobgoblin hits you with a club.
* * * LOW HITPOINT WARNING * * *
You hit the giant cockroach but do no damage.
You hit the hobgoblin.
You kill the hobgoblin!
You hit the hobgoblin. The giant cockroach closely misses you.
The hobgoblin hits you with a club.
You die...

#. .. #. .##
##.### ##.. .....
... ...# .r
#.##.# .#
#######..#g#...#
#.....<..@)....#
#.......)#s##....
#........#.# .
########.#.#
#.#.# #?#.# #...#
##..#


You could see a giant cockroach, a hobgoblin and a rat.

Vanquished Creatures
  2 dart slugs (D:1)
  A leopard gecko (D:1)
  A ball python (D:1)
  2 giant cockroaches (D:1)
  3 goblins
  4 hobgoblins
  7 kobolds
  5 bats (D:1)
  A frilled lizard (D:1)
  3 rats (D:1)
29 creatures vanquished.

Notes
Turn   | Place    | Note
-------+----------+-------------------------------------------
     0 | D:1      | slep the Vine Stalker Gladiator began the quest for the Orb.
     0 | D:1      | Reached XP level 1. HP: 11/11 MP: 2/2
    75 | D:1      | Reached XP level 2. HP: 15/15 MP: 3/3
    92 | D:1      | Reached skill level 3 in Axes
   176 | D:1      | Reached XP level 3. HP: 4/18 MP: 2/4
   593 | D:2      | Slain by a hobgoblin

Vault maps used:
D:1:      dpeg_arrival_simpleton_b
D:2:      lightli_temple_of_fire, tso_oasis_becter

Skill      XL: |  1  2 |
---------------+-------+-----
Fighting       | 2 |  2.2
Axes           | 3 |  3.2
Throwing       | |  1.8
Dodging        | |  2.9
Stealth        | |  0.2

Action                   || total
-------------------------++-------
Melee: War axe           ||    65
       Bite              ||    15
Armor: Leather armour    ||    30
Dodge: Dodged            ||    73

Table legend:
 A = Spawn XP
 B = Non-spawn XP
 C = Spawn XP percentage of total XP
 D = Spawn monster count
 E = Non-spawn monster count
 F = Spawn count percentage of total count
 G = Total turns spent on level
                    A         B        C        D         E        F      G
               +---------+---------+-------+---------+---------+-------+---------
         Total |       0 |      54 |   0.0 |       0 |      29 |   0.0 |   593
               +---------+---------+-------+---------+---------+-------+---------
           D:1 |       0 |      48 |   0.0 |       0 |      26 |   0.0 |   581
           D:2 |       0 |       6 |   0.0 |       0 |       3 |   0.0 |    12
               +---------+---------+-------+---------+---------+-------+---------
